 Dungeon Crawl Stone Soup version 0.30-a0-161-gdd60e06945 (webtiles) character file.

Game seed: 3522189962891603409

67 qw the Chopper (level 4, -1/28 HPs)
             Began as a Gargoyle Fighter on Sept 27, 2022.
             Killed by divine providence
             ... invoked by an orc priest
              (11 damage)
             ... on level 3 of the Dungeon.
             The game lasted 00:00:42 (1897 turns).

qw the Chopper (Gargoyle Fighter)                   Turns: 1897, Time: 00:00:42

Health: -1/28      AC: 11    Str: 22    XL:     4   Next: 18%
Magic:  4/4        EV:  9    Int:  8    God:
Gold:   85         SH:  4    Dex:  9    Spells: 3/3 levels left

rFire   . . .      SeeInvis .    Y - +0 war axe
rCold   . . .      Faith    .    c - +0 buckler
rNeg    + . .      Spirit   .    b - +0 scale mail
rPois   inf        Reflect  .    i - +1 hat
rElec   +          Harm     .    (no cloak)
rCorr   .          Rampage  .    (no gloves)
Will    .....                    (no boots)
Stlth   ..........               (no amulet)
HPRegen 0.09/turn                (no ring)
MPRegen 0.09/turn                (no ring)

@: no status effects
A: sickness immunity, AC +3, negative energy resistance 1, electricity
resistance, torment resistance 1, petrification resistance
a: no special abilities


You were on level 3 of the Dungeon.
You visited 1 branch of the dungeon, and saw 3 of its levels.

You collected 85 gold pieces.


Innate Abilities, Weirdness & Mutations

You are immune to sickness and miasma.
Your stone body is resilient. (AC +3)
You are immune to poison.
You resist negative energy. (rN+)
You are resistant to electric shocks. (rElec)
You are resistant to unholy torment.
You are immune to petrification.


   Skills:
 - Level 3.2 Fighting
 + Level 3.9 Axes
 - Level 3.2 Armour
 - Level 3.2 Shields


You had 3 spell levels left.
You didn't know any spells.
Your spell library was empty.

Inventory:

Hand Weapons
 j - a +0 club
 Y - a +0 war axe (weapon)
Armour
 b - a +0 scale mail (worn)
 c - a +0 buckler (worn)
 i - a +1 hat (worn)
Scrolls
 a - a scroll of identify
 l - a scroll of teleportation
Potions
 d - a potion of might
 e - a potion of curing {unknown}
 f - a potion of resistance {unknown}
 h - a potion of mutation {unknown}

Dungeon Overview and Level Annotations

Branches:
Dungeon (3/15)

Altars:


Message History

The orc shouts! x2
The orc barely misses you.
You barely miss the orc. You hit the quokka.
You kill the quokka!
You flicker back into view.
The orc shouts!
The orc priest shouts!
The orc priest invokes the aid of Beogh against you.
Beogh smites you!
You hit the orc but do no damage. You barely miss the orc.
The orc closely misses you.
The orc priest looks encouraged for a moment.
You hit the orc.
The orc is heavily wounded.
You barely miss the orc. The orc closely misses you. The orc misses you.
You slash the orc!
You kill the orc!
You hit the orc but do no damage. The orc barely misses you.
You slash the orc!
You kill the orc!
The orc priest hits you but does no damage.
The orc priest hits you with a +0 flail.
You closely miss the orc priest. You barely miss the orc priest.
The orc priest hits you with a +0 dagger.
The orc priest looks encouraged for a moment.
You hit the orc priest.
The orc priest is heavily wounded.
You hit the orc priest but do no damage.
The orc priest hits you but does no damage. x2
You closely miss the orc priest.
The orc priest is heavily wounded.
You slash the orc priest! The orc priest misses you.
The orc priest mumbles some strange prayers to Beogh against you.
You barely resist.
The orc priest hits you but does no damage.
The orc priest mumbles some strange prayers to Beogh against you.
Beogh smites you!
You die...

.. #. #. #.
#>## #..#
..######.#####
...:....<@...#
..######o#o..#
#.#...#
#.#......
#.##..##!.#
#.# ..# .. #.#
... . ... ....
... ...##


You could see 2 orc priests.

Vanquished Creatures
  An adder (D:2)
  A worm (D:2)
  3 dart slugs
  3 orcs (D:3)
  5 bats
  2 endoplasms (D:2)
  4 giant cockroaches
  4 goblins
  2 hobgoblins
  3 jackals (D:1)
  4 quokkas
  2 ball pythons (D:1)
  4 kobolds
  5 rats
43 creatures vanquished.

Notes
Turn   | Place    | Note
-------+----------+-------------------------------------------
     0 | D:1      | qw the Gargoyle Fighter began the quest for the Orb.
     0 | D:1      | Reached XP level 1. HP: 14/14 MP: 1/1
     0 | D:1      | 0 ||| qw: Version: 0.2-a-10-g37ed214
     0 | D:1      | 0 ||| qw: Game counter: 654
     0 | D:1      | 0 ||| qw: Always use a shield: true
     0 | D:1      | 0 ||| qw: God list: Okawaru
     0 | D:1      | 0 ||| qw: Allow faded altars: false
     0 | D:1      | 0 ||| qw: Do Orc after D:15 true
     0 | D:1      | 0 ||| qw: Do second Lair branch before Depths: true
     0 | D:1      | 0 ||| qw: Lair rune preference: random
     0 | D:1      | 0 ||| qw: Plans: Normal, Zot:1-4, God:TSO, Crypt, Tomb,
                  | Pan, Slime:5, Hells, Abyss, Orb
     0 | D:1      | 0 ||| PLANNING D:1-11
   283 | D:1      | Reached XP level 2. HP: 19/19 MP: 2/2
   366 | D:1      | 366 ||| Stepping ~*~*~tactically~*~*~ (stealth).
   396 | D:1      | 396 ||| Stepping ~*~*~tactically~*~*~ (stealth).
   805 | D:1      | Reached skill level 3 in Axes
   835 | D:1      | Reached XP level 3. HP: 23/23 MP: 3/3
   836 | D:1      | Found a faded altar of an unknown god.
   849 | D:1      | 849 ||| READING 2 scrolls labelled GECKIONG LYOPP.
   850 | D:1      | 850 ||| READING scroll labelled UMAG AVAILOHA.
   904 | D:1      | 904 ||| READING scroll labelled LUBUNY NIUFRER.
   907 | D:1      | 907 ||| READING scroll labelled XEENWU MAUCUM.
  1131 | D:2      | 1131 ||| Stepping randomly (stuck).
  1134 | D:2      | 1134 ||| Stepping randomly (stuck).
  1690 | D:2      | Reached XP level 4. HP: 28/28 MP: 4/4
  1839 | D:2      | 1839 ||| UPGRADING to +1 hat.
  1844 | D:2      | 1844 ||| READING scroll labelled XIC RICWE MEU.
  1845 | D:2      | 1845 ||| DRINKING 3 smoky yellow potions.
  1846 | D:2      | 1846 ||| DROPPING 2 potions of invisibility.
  1875 | D:3      | 1875 ||| Stepping ~*~*~tactically~*~*~ (stealth).
  1878 | D:3      | 1878 ||| Stepping ~*~*~tactically~*~*~ (stealth).
  1879 | D:3      | 1879 ||| Stepping ~*~*~tactically~*~*~ (stealth).
  1880 | D:3      | 1880 ||| Stepping ~*~*~tactically~*~*~ (stealth).
  1881 | D:3      | 1881 ||| Stepping ~*~*~tactically~*~*~ (stealth).
  1882 | D:3      | 1882 ||| Stepping ~*~*~tactically~*~*~ (stealth).
  1883 | D:3      | 1883 ||| Stepping ~*~*~tactically~*~*~ (stealth).
  1885 | D:3      | 1885 ||| Stepping ~*~*~tactically~*~*~ (stealth).
  1897 | D:3      | Killed from afar by an orc priest

Levels and vault maps discovered:
D:1:      psy_arrival_spokes, layout_basic,
          hellmonk_ecumenical_altar_defaced_shrine, st_stairs_13
D:2:      layout_basic, minmay_statues_item, minmay_pentomino_p4
D:3:      layout_loops_ring, slow_altar_1

Skill      XL: |  1  2 |
---------------+-------+-----
Axes           | 2 3 |  3.9
Fighting       | |  3.2
Armour         | |  3.2
Shields        | |  3.2

Action                   |  1- 3 |  4- 6 || total
-------------------------+-------+-------++-------
Melee: War axe           |   111 |    13 ||   124
  Use: Scroll            |     4 |     1 ||     5
       Potion            |       |     1 ||     1
 Stab: Invisible         |       |     1 ||     1
Armor: Scale mail        |    52 |     4 ||    56
Dodge: Dodged            |    48 |     8 ||    56
Block: Buckler           |    20 |       ||    20

Table legend:
 A = Non-vault XP
 B = Vault XP
 C = Vault XP percentage of total XP
 D = Non-vault monster count
 E = Vault monster count
 F = Vault count percentage of total count
                 A         B        C        D         E       F
            +---------+---------+-------+---------+---------+-------
      Total |      78 |      19 |  19.6 |      35 |       8 |  18.6
            +---------+---------+-------+---------+---------+-------
        D:1 |      26 |      10 |  27.8 |      17 |       5 |  22.7
        D:2 |      41 |       9 |  18.0 |      14 |       3 |  17.6
        D:3 |      11 |       0 |   0.0 |       4 |       0 |   0.0
            +---------+---------+-------+---------+---------+-------
